 Dungeon Crawl Stone Soup version 0.20.0-8-g6b59dc7 (webtiles) character file.

4735 Vendryth the Cleaver (level 10, -2/88 HPs)
             Began as a Minotaur Fighter on June 1, 2017.
             Was a Believer of Qazlal.
             Killed by divine providence
             ... invoked by an orc priest
              (11 damage)
             ... on level 1 of the Orcish Mines.
             The game lasted 00:44:07 (7631 turns).

Vendryth the Cleaver (Minotaur Fighter)             Turns: 7631, Time: 00:44:07

Health: -2/88      AC: 13    Str: 29    XL:     10   Next: 22%
Magic:  7/9        EV:  7    Int:  5    God:    Qazlal [**....]
Gold:   531        SH: 14    Dex: 10    Spells: 9/9 levels left

rFire    . . .     SeeInvis .   S - +1 rapier (flame)
rCold    + . .     Gourm    .   c - +0 shield
rNeg     . . .     Faith    .   v - +0 plate armour
rPois    .         Spirit   .   (helmet restricted)
rElec    .         Reflect  .   (no cloak)
rCorr    .         Harm     .   (no gloves)
MR       .....                  (no boots)
Stlth    ..........             R - amulet of regeneration
Regen    0.7/turn               (no ring)
MPRegen  0.2/turn               E - ring of protection from cold

@: mighty
A: retaliatory headbutt, horns 2
a: Upheaval, Renounce Religion


You were on level 1 of the Orcish Mines.
You worshipped Qazlal.
Qazlal was pleased with you.
You were not hungry.

You visited 3 branches of the dungeon, and saw 11 of its levels.
You also visited: Ossuary.

You collected 531 gold pieces.

Inventory:

Hand Weapons
 a - a +0 war axe
 j - a +0 hunting sling
 q - a +0 club
 r - a +0 hunting sling
 H - a +0 shortbow
 O - the +4 dagger of Dissatisfaction {speed, Dex+3, unknown}
   (You found it on level 6 of the Dungeon)

   Attacks with this weapon are significantly faster.
   It affects your dexterity (+3).
 S - a +1 rapier of flaming (weapon)
 W - a +0 blowgun
 Y - a +0 lajatang
Missiles
 e - 283 stones (quivered)
 k - 2 curare-tipped needles
 o - 76 bolts
 z - 16 tomahawks
 D - 33 poisoned needles
 I - 139 arrows
Armour
 b - a +0 scale mail
 c - a +0 shield (worn)
 v - a +0 plate armour (worn)
 G - a +2 robe of magic resistance
 Q - a +0 pair of gloves
Jewellery
 E - a ring of protection from cold (right hand)
 R - an amulet of regeneration (around neck)
Wands
 U - a wand of flame (29/48)
Scrolls
 i - 10 scrolls of identify
 l - 3 scrolls of teleportation
 m - 2 scrolls of fog
 s - a scroll of magic mapping
 t - 6 scrolls of amnesia
 w - a scroll of blinking
 y - a scroll of recharging
 A - 5 scrolls of fear
 F - a scroll of remove curse
 J - a scroll of enchant armour {unknown}
 P - a scroll of enchant weapon {unknown}
Potions
 g - 4 potions of heal wounds {unknown}
 h - 3 potions of ambrosia {unknown}
 u - 4 potions of curing {unknown}
 x - 3 potions of flight {unknown}
 B - 5 potions of lignification {unknown}
 C - a potion of magic {unknown}
 K - 2 potions of invisibility {unknown}
 L - 2 potions of haste {unknown}
 M - a potion of agility {unknown}
 N - 4 potions of mutation {unknown}
 V - a potion of degeneration {unknown}
Books
 X - a book of Changes

   Spells                             Type                      Level
   a - Beastly Appendage              Transmutation                1
   b - Sticks to Snakes               Transmutation                2
   c - Spider Form                    Transmutation/Poison         3
   d - Ice Form                       Ice/Transmutation            4
   e - Blade Hands                    Transmutation                5
Comestibles
 f - 2 bread rations
 n - 8 meat rations
 p - 3 royal jellies
 T - 17 fruits


   Skills:
 + Level 7.9 Fighting
 + Level 4.7 Short Blades
 + Level 11.4 Axes
 + Level 8.4 Armour
 + Level 1.2 Dodging
 + Level 0.3 Stealth
 + Level 8.3 Shields
 + Level 0.4 Invocations


You had 9 spell levels left.
You didn't know any spells.

Dungeon Overview and Level Annotations

Branches:
Dungeon (9/15)             Temple (1/1) D:6             Orc (1/2) D:9
   Lair: D:8-11

Altars:
Ashenzari
Cheibriados
Dithmenos
Elyvilon
Fedhas
Hepliaklqana
Makhleb
Okawaru
Qazlal
Sif Muna
Xom
Yredelemnul
Zin
The Shining One


Innate Abilities, Weirdness & Mutations

You reflexively headbutt those who attack you in melee.
You have a pair of horns on your head.


Message History

The ogre is almost dead.
The orc warrior no longer looks unusually strong.
The orc priest miscasts a cantrip.
You block the orc warrior's attack. The ogre hits you but does no damage.
You hit the orc warrior. You burn the orc warrior.
The orc warrior is lightly wounded.
The orc priest looks encouraged for a moment.
You block the orc warrior's attack.
The orc warrior hits you from afar with a trident of pain.
* * * LOW HITPOINT WARNING * * *
You writhe in agony.
* * * LOW HITPOINT WARNING * * *
The orc warrior hits you with a battleaxe!
* * * LOW HITPOINT WARNING * * *
You puncture the orc warrior! You burn the orc warrior.
Your headbutt misses the orc warrior.
The orc warrior is heavily wounded.
The orc priest calls down the wrath of Beogh upon you.
Beogh smites you!
You die...

#####.........##
##..#....#.##.##
#........o#####
##........##.##
##..).#....o...#
##.#..#....oo..##
#...###.....ooT#
##..........ooO##
##..........#oo@#
#............#o##
##...........o#.
#............. ..
#.$.o.....$#.. ..
##............ ..
............. ...
##..........
..>......


You could see an orc knight, a troll, 4 orc warriors, an ogre, 4 orc priests and
3 orcs.

Vanquished Creatures
  Pikel (D:4)
  Psyche (D:8)
  Prince Ribbit (D:8)
  2 hippogriffs (D:9)
  Sigmund (D:3)
  A warg (Orc:1)
  Menkaure (D:4)
  2 ice beasts
  6 ogres
  A black bear (D:6)
  2 centaurs
  The ghost of Snack the Slasher, an amateur TeWr (D:3)
  A big kobold (D:8)
  5 bullfrogs
  3 water moccasin zombies (Ossuary)
  4 scorpions
  A water moccasin skeleton (D:7)
  4 howler monkeys
  A crimson imp (D:9)
  2 quasits
  A gnoll shaman (D:4)
  3 orc priests
  2 hounds
  8 orc wizards
  A bullfrog skeleton (D:8)
  4 worker ants
  A hound zombie (D:5)
  4 hound skeletons
  2 mummies (Ossuary)
  2 howler monkey zombies
  A worker ant zombie (D:6)
  A howler monkey skeleton (D:4)
  11 gnolls
  8 adders
  2 oozes (D:7)
  7 adder zombies (Ossuary)
  An adder skeleton (D:6)
  3 worms (D:2)
  5 dart slugs
  5 leopard geckos
  22 orcs
  5 bats
  2 giant cockroaches
  2 gnoll zombies (Ossuary)
  8 goblins
  7 hobgoblins
  7 jackals
  3 quokkas
  2 ball pythons
  3 frilled lizards (D:1)
  5 hobgoblin zombies (Ossuary)
  9 kobolds
  A kobold zombie (Ossuary)
  2 leopard gecko skeletons
  7 orc zombies (Ossuary)
  A quokka zombie (D:5)
  A rat (D:2)
  A plant (D:8)
201 creatures vanquished.

Vanquished Creatures (others)
  A slave (D:4)
  A worker ant (D:4)
2 creatures vanquished.

Grand Total: 203 creatures vanquished

Notes
Turn   | Place    | Note
-------+----------+-------------------------------------------
     0 | D:1      | Vendryth the Minotaur Fighter began the quest for the Orb.
     0 | D:1      | Reached XP level 1. HP: 19/19 MP: 0/0
    43 | D:1      | Reached XP level 2. HP: 22/27 MP: 1/1
   408 | D:1      | Reached XP level 3. HP: 17/33 MP: 2/2
   899 | D:2      | Reached skill level 3 in Axes
  1592 | D:3      | Reached XP level 4. HP: 40/40 MP: 3/3
  1668 | D:3      | Noticed Snack's ghost (amateur TeWr)
  1679 | D:3      | Killed Snack's ghost
  1679 | D:3      | Reached skill level 4 in Axes
  1679 | D:3      | Reached XP level 5. HP: 32/46 MP: 4/4
  1916 | D:3      | Noticed Sigmund
  1922 | D:3      | Killed Sigmund
  1922 | D:3      | Reached skill level 5 in Axes
  1922 | D:3      | Reached skill level 5 in Shields
  1922 | D:3      | Reached XP level 6. HP: 49/55 MP: 5/5
  2144 | D:4      | Reached skill level 5 in Armour
  2178 | D:4      | Reached skill level 5 in Fighting
  2455 | D:4      | Reached skill level 6 in Axes
  2480 | D:4      | Reached XP level 7. HP: 47/61 MP: 6/6
  2503 | D:4      | Noticed Menkaure
  2521 | D:4      | Killed Menkaure
  2521 | D:4      | Reached skill level 7 in Axes
  2941 | D:4      | Noticed Pikel
  2948 | D:4      | Killed Pikel
  2948 | D:4      | Reached skill level 8 in Axes
  2948 | D:4      | Reached XP level 8. HP: 64/69 MP: 7/7
  3080 | D:4      | Reached skill level 9 in Axes
  3401 | D:5      | Entered Level 5 of the Dungeon
  3662 | D:5      | Found a sand-covered staircase.
  3667 | Ossuary  | Entered an ossuary
  3963 | D:5      | Found a stormy altar of Qazlal.
  3968 | D:5      | Became a worshipper of Qazlal Stormbringer
  3972 | D:5      | Found a deep blue altar of Sif Muna.
  3973 | D:5      | Found a shadowy altar of Dithmenos.
  3999 | D:5      | Reached skill level 10 in Axes
  4529 | D:5      | You fall through a shaft!
  4563 | D:6      | Found a staircase to the Ecumenical Temple.
  4575 | Temple   | Entered the Ecumenical Temple
  4679 | D:6      | Got a brightly glowing dagger
  4740 | D:6      | Reached XP level 9. HP: 78/78 MP: 8/8
  5475 | D:7      | Reached * piety under Qazlal
  6212 | D:7      | Reached skill level 11 in Axes
  6397 | D:8      | Noticed Psyche
  6412 | D:8      | Killed Psyche
  6412 | D:8      | Reached skill level 1 in Short Blades
  6573 | D:8      | Noticed Prince Ribbit
  6983 | D:8      | Killed Prince Ribbit
  6985 | D:8      | Reached XP level 10. HP: 85/88 MP: 9/9
  7041 | D:8      | Reached ** piety under Qazlal
  7294 | D:9      | Reached skill level 1 in Dodging
  7516 | D:9      | Found a staircase to the Orcish Mines.
  7528 | Orc:1    | Entered Level 1 of the Orcish Mines
  7593 | Orc:1    | Noticed an orc knight
  7631 | Orc:1    | Killed from afar by an orc priest

Skill      XL: |  1  2  3  4  5  6  7  8  9 10 |
---------------+-------------------------------+-----
Armour         | 4 5 6 7 8 |  8.4
Shields        | 4 5 6 7 8 |  8.3
Fighting       | 4 5 6 7 |  7.9
Axes           | 3 4 5 6 8 10 11 | 11.4
Short Blades   | 3 4 |  4.7
Dodging        | 1 |  1.2
Stealth        | |  0.3
Invocations    | |  0.4

Action                   |  1- 3 |  4- 6 |  7- 9 | 10-12 || total
-------------------------+-------+-------+-------+-------++-------
Melee: War axe           |   104 |    75 |   282 |       ||   461
       Headbutt          |    15 |    13 |    81 |    15 ||   124
       Rapier            |       |       |   105 |    92 ||   197
 Fire: Hunting sling     |     3 |       |       |       ||     3
Throw: Stone             |     1 |       |       |       ||     1
Invok: Upheaval          |       |       |       |     2 ||     2
  Use: Scroll            |       |       |    11 |     1 ||    12
       Potion            |       |       |     1 |     1 ||     2
  Eat: Chunk             |     1 |     1 |       |       ||     2
       Royal jelly       |     1 |       |       |       ||     1
       Meat ration       |       |     1 |     1 |       ||     2
       Bread ration      |       |       |     1 |       ||     1
       Fruit             |       |       |     7 |       ||     7
Armor: Scale mail        |    22 |       |       |       ||    22
       Plate armour      |    42 |    45 |   163 |    59 ||   309
Dodge: Dodged            |    31 |     5 |    68 |    23 ||   127
Block: Shield            |    66 |    42 |   192 |    93 ||   393
